 Dungeon Crawl Stone Soup version 0.28-a0-863-g8cecda6153 (webtiles) character file.

Game seed: 472478149202914670

129 sanka the Chopper (level 4, -3/37 HPs)
             Began as a Palentonga Abyssal Knight on Nov 16, 2021.
             Was a Believer of Lugonu.
             Slain by a phantom (7 damage)
             ... on level 3 of the Dungeon.
             The game lasted 00:02:32 (3396 turns).

sanka the Chopper (Palentonga Abyssal Knight)       Turns: 3396, Time: 00:02:32

Health: -3/37      AC:  6    Str: 17    XL:     4   Next: 88%
Magic:  5/5        EV:  9    Int: 10    God:    Lugonu [**....]
Gold:   138        SH:  0    Dex: 11    Spells: 3/3 levels left

rFire   . . .      SeeInvis +   a - +0 war axe
rCold   . . .      Faith    .   (no shield)
rNeg    . . .      Spirit   .   b - +0 leather armour
rPois   .          Reflect  .   (no helmet)
rElec   .          Harm     .   k - +1 cloak
rCorr   .          Rampage  .   (no gloves)
Will    .....                   (no barding)
Stlth   +.........              (no amulet)
HPRegen 0.12/turn               (no ring)
MPRegen 0.09/turn               (no ring)

@: no status effects
A: large, rugged brown scales 3, see invisible, deformed body, roll 1, armoured
tail
a: Rolling Charge, Renounce Religion, Depart the Abyss, Bend Space


You were on level 3 of the Dungeon.
You worshipped Lugonu.
Lugonu was pleased with you.
You visited 1 branch of the dungeon, and saw 4 of its levels.
You visited the Abyss 1 time.

You collected 138 gold pieces.


Innate Abilities, Weirdness & Mutations

You are completely covered in rugged brown scales. (AC +3, +7% HP)
You have supernaturally acute eyesight. (SInv)
Armour fits poorly on your strangely shaped body.
You can roll at nearby foes to attack.
You have a long armoured tail.


   Skills:
 - Level 3.0 Fighting
 + Level 5.1 Axes
 - Level 1.5 Armour
 - Level 0.7 Dodging
 - Level 2.0 Invocations


You had 3 spell levels left.
You didn't know any spells.
Your spell library contained the following spells:

 Spells                   Type           Power      Damage    Failure   Level
 Slow                     Hex            0%         N/A       41%         1
 Confusing Touch          Hex            0%         N/A       80%         3
 Vampiric Draining        Necr           0%         2d6       80%         3

Inventory:

Hand Weapons
 a - a +0 war axe (weapon)
 t - a +1 hand axe
Missiles
 e - 15 poisoned darts
Armour
 b - a +0 leather armour (worn)
 k - a +1 cloak (worn)
Magical Staves
 h - a staff of air
Scrolls
 j - 2 scrolls of fear {unknown}
 n - 2 scrolls of magic mapping {unknown}
 o - 2 scrolls of identify {unknown}
 p - a scroll of vulnerability {unknown}
 q - 2 scrolls of amnesia {unknown}
 r - a scroll of immolation {unknown}
 s - a scroll of acquirement {unknown}
Potions
 c - 2 potions of brilliance {unknown}
 d - a potion of magic {unknown}
 f - a potion of flight {unknown}
 g - a potion of curing {unknown}
 i - 2 potions of lignification {unknown}
 l - a potion of degeneration {unknown}
 m - a potion of mutation {unknown}

Dungeon Overview and Level Annotations

Branches:
Dungeon (4/15)
 Temple: D:4-7

Altars:
Yredelemnul

Shops:
D:2

[ ▒▒▒.▒ ▒.▒.▒▒▒▒▒▒.▒.▒ ▒...▒
▒▒+▒........▒.▒ ▒.▒▒▒
▒▒...▒▒▒▒▒▒▒▒▒.▒ ▒▒.▒▒
▒▒.....▒▒ ▒▒.▒ ▒▒▒...▒▒
▒▒.......▒▒ ▒▒..▒
▒...▒..▒▒▒▒.........▒▒▒▒...▒▒
.▒▒▒......'.<.......'.......▒
.▒ ▒.▒▒.▒▒▒......W..▒▒▒▒...▒▒
.▒▒▒....▒ ▒▒..>.H..▒▒ ▒▒.▒▒
▒...▒.▒▒▒ ▒▒.....▒▒ ▒.▒
▒▒....▒ ▒▒...▒▒ ▒.▒
▒.▒▒▒▒▒▒▒▒▒▒▒▒'▒▒ ▒.▒ ▒.▒
▒.....▒▒#▒ ▒.▒
▒.▒▒▒▒▒.▒▒▒.▒▒.▒ ▒.▒
▒.......▒ ▒.▒▒.▒▒▒▒▒▒▒▒▒.▒
▒▒▒▒▒▒▒.▒▒▒.▒............▒
▒...<....[.....▒▒▒▒▒


You could see a phantom.


Message History

The phantom is lightly damaged.
The phantom closely misses you.
Unknown command.
You miss the phantom.
The phantom is lightly damaged.
The phantom barely misses you.
You barely miss the phantom.
The phantom is lightly damaged.
The phantom hits you but does no damage.
You hit the phantom.
The phantom is moderately damaged.
The phantom hits you but does no damage.
The phantom hits you.
* * * LOW HITPOINT WARNING * * *
The phantom blinks!
You blink.
You slash the phantom!
The phantom is heavily damaged.
The phantom misses you.
You barely miss the phantom.
Your tail-slap misses the phantom.
The phantom is heavily damaged.
The phantom hits you!
* * * LOW HITPOINT WARNING * * *
The phantom blinks!
You blink.
You slash the phantom!
The phantom is almost destroyed.
The phantom hits you!
You die...

Action                   |  1- 3 |  4- 6 || total
-------------------------+-------+-------++-------
Melee: Hand axe          |   102 |    45 ||   147
       Tailslap          |     7 |     3 ||    10
       War axe           |       |    10 ||    10
Invok: Depart the Abyss  |     1 |       ||     1
Armor: Leather armour    |    49 |    24 ||    73
Dodge: Dodged            |    48 |    31 ||    79

Levels and vault maps discovered:
D:1:      wheals_arrival_linesprint, layout_loops_ring
D:2:      cheibrodos_greedy_goblins, layout_loops_ring, serial_shops,
          nicolae_shop_hallway_plus
D:3:      layout_loops_corners, mainiacjoe_overflow_alcove_4,
          chequers_ecumenical_altar_island
D:4:      layout_cave_pools, minmay_crystal_water, dk_vineyard_3,
          uniq_crazy_yiuf_cottage

Notes
Turn   | Place    | Note
-------+----------+-------------------------------------------
     0 | Abyss:1  | sanka the Palentonga Abyssal Knight began the quest for the
                  | Orb.
     0 | Abyss:1  | Reached XP level 1. HP: 19/19 MP: 2/2
    23 | Abyss:1  | Found a corrupted altar of Lugonu.
    97 | Abyss:1  | Noticed an apocalypse crab
   100 | D:1      | Escaped the Abyss
   820 | D:1      | Reached XP level 2. HP: 25/25 MP: 3/3
  1278 | D:2      | Reached skill level 3 in Axes
  1279 | D:2      | Reached * piety under Lugonu
  1435 | D:2      | Reached XP level 3. HP: 31/31 MP: 4/4
  1789 | D:2      | Found Zauziy's Antique Armour Emporium.
  1820 | D:2      | Reached skill level 4 in Axes
  2131 | D:2      | Reached XP level 4. HP: 34/37 MP: 5/5
  2175 | D:2      | Reached ** piety under Lugonu
  2549 | D:3      | Found a basalt altar of Yredelemnul.
  2701 | D:3      | Found a faded altar of an unknown god.
  2814 | D:3      | Reached skill level 5 in Axes
  3371 | D:4      | Noticed a phantom
  3395 | D:3      | HP: 3/37 [phantom (7)]
  3396 | D:3      | Slain by a phantom

Vanquished Creatures
  A hound (D:3)
  A howler monkey skeleton (D:2)
  3 adders
  2 worms
  A dart slug (D:2)
  2 orcs (D:3)
  4 ball pythons
  2 bats
  3 endoplasms
  A giant cockroach (D:2)
  5 goblins
  5 hobgoblins (D:2)
  11 jackals (D:2)
  3 kobolds
  5 rats
49 creatures vanquished.
